 Dungeon Crawl Stone Soup version 0.23-a0-242-g2b5ca64 (console) character file.

1863 Voker57 the Conjurer (level 8, 0/52 HPs)
             Began as a Demonspawn Venom Mage on Sept 28, 2018.
             Was an Initiate of Vehumet.
             Slain by a hippogriff (4 damage)
             ... on level 7 of the Dungeon.
             The game lasted 00:20:15 (9988 turns).

Voker57 the Conjurer (Demonspawn Venom Mage)        Turns: 9988, Time: 00:20:15

Health: 0/52       AC:  9    Str:  9    XL:     8   Next: 90%
Magic:  7/26       EV: 16    Int: 18    God:    Vehumet [......]
Gold:   354        SH:  0    Dex: 18    Spells: 8/19 levels left

rFire    + . .     SeeInvis .   u - +1 short sword (speed)
rCold    . . .     Gourm    .   (no shield)
rNeg     . . .     Faith    .   w - +0 leather armour of Compression {rPois rF+ Dex+4}
rPois    +         Spirit   .   (no helmet)
rElec    .         Reflect  .   (no cloak)
rCorr    .         Harm     .   (no gloves)
MR       .....                  (no boots)
Stlth    ++........             (no amulet)
HPRegen  0.17/turn              o - ring of magical power
MPRegen  0.20/turn              (no ring)

@: sanguine armour, very slightly contaminated
A: hooves 1, sanguine armour 1
a: Renounce Religion


You were on level 7 of the Dungeon.
You worshipped Vehumet.
Vehumet was noncommittal.
You were not hungry.

You visited 2 branches of the dungeon, and saw 8 of its levels.

You collected 354 gold pieces.

Inventory:

Hand Weapons
 i - a -3 spear
 l - a +0 short sword
 m - a +2 whip of freezing
 n - a +1 whip of draining
 u - a +1 short sword of speed (weapon)
Armour
 a - a +0 robe
 w - the +0 leather armour of Compression (worn) {rPois rF+ Dex+4}
   (You found it on level 6 of the Dungeon)

   It affects your dexterity (+4).
   It protects you from fire.
   It protects you from poison.
Jewellery
 o - a ring of magical power (left hand)
 v - a +5 ring of intelligence {unknown}
Wands
 q - a wand of digging (4)
Scrolls
 f - 4 scrolls of identify
 h - 3 scrolls of remove curse
Potions
 b - 2 potions of degeneration
 d - 3 potions of mutation
 e - 4 potions of curing
 g - 2 potions of invisibility
 j - a potion of heal wounds
 k - a potion of lignification
 p - 2 potions of might
 r - a potion of haste
 s - a potion of flight {unknown}
 t - a potion of berserk rage {unknown}
Comestibles
 c - 6 rations


   Skills:
 + Level 6.3 Dodging
 - Level 1.7 Stealth
 + Level 6.3 Spellcasting
 + Level 6.7 Conjurations
 - Level 3.0 Poison Magic


You had 8 spell levels left.
You knew the following spells:

 Your Spells              Type           Power        Failure   Level  Hunger
a - Sting                 Conj/Pois      ###.         2%          1    None
b - Poisonous Vapours     Pois/Air       ##....       13%         2    None
c - Mephitic Cloud        Conj/Pois/Air  ###.....     13%         3    ##.....
d - Venom Bolt            Conj/Pois      ###.......   52%         5    #####..

Your spell library contained the following spells:

 Spells                   Type           Power        Failure   Level  Hunger
 Confusing Touch          Hex            #.....       16%         1    None
 Confuse                  Hex            #.......     43%         3    ##.....
 Gell's Gravitas          Tloc           #.........   43%         3    ##.....
 Olgreb's Toxic Radiance  Pois           ###.....     43%         4    ####...
 Petrify                  Tmut/Erth      #.......     85%         4    ####...
 Metabolic Englaciation   Hex/Ice        #.........   99%         5    #####..
 Yara's Violent Unravell  Hex/Tmut       #.........   99%         5    #####..


Dungeon Overview and Level Annotations

Branches:
Dungeon (7/15)             Temple (1/1) D:6

Altars:
Ashenzari
Cheibriados
Dithmenos
Elyvilon
Fedhas
Gozag
Hepliaklqana
Makhleb
Okawaru
Qazlal
Ru
Sif Muna
Uskayaw
Vehumet
Wu Jian
Xom
Yredelemnul
Zin

Shops:
D:7 [


Innate Abilities, Weirdness & Mutations

You have large cloven feet.
When seriously injured, your bleeding wounds create armour. (AC +6)


Message History

* * * LOW HITPOINT WARNING * * *
The adder is engulfed in noxious fumes.
The adder appears confused.
Casting: Poisonous Vapours (safe; 13% risk of failure)
Confirm with . or Enter, or press ? or * to list all spells.
Aiming: Poisonous Vapours (safe; 13% risk of failure)
Press: ? - help, Dir - move target cursor, f/p - hippogriff
Aim: a hippogriff (almost dead, poisoned) Poisonous vapours surround the hippogriff!
The adder barely misses the hippogriff.
The hippogriff looks even sicker.
The hippogriff misses you. The hippogriff closely misses you. x2
Casting: Poisonous Vapours (safe; 13% risk of failure)
Confirm with . or Enter, or press ? or * to list all spells.
Aiming: Poisonous Vapours (safe; 13% risk of failure)
Press: ? - help, Dir - move target cursor, f/p - hippogriff
Aim: a hippogriff (almost dead, poisoned) Poisonous vapours surround the hippogriff!
The hippogriff looks even sicker.
The hippogriff bites you!
* * * LOW HITPOINT WARNING * * *
The hippogriff barely misses you. The hippogriff claws you.
You die...

#######........ .#########
........####### ..........
#.....#....#..# .......... #....
#....#..# .......... #...
###.##..# ..........
##############.##..#######+###'#.
#.......∩......S.......#....'..#.
#......................'....#..#.
#'#######...###.H########.###..#<
#..######...####@########.#######
#.................#...#..........
#.................#...#..........
#.................#...'..........
#################################


You could see a hippogriff and an adder (confused).

Vanquished Creatures
  Pikel (D:6)
  Grinder (D:6)
  A phantom (D:4)
  2 centaurs
  A big kobold (D:4)
  3 bullfrogs
  2 scorpions
  A howler monkey (D:4)
  2 hounds
  An orc wizard (D:4)
  3 worker ants (D:5)
  A hound skeleton (D:5)
  17 gnolls
  8 adders
  A shadow imp (D:5)
  An adder zombie (D:5)
  An adder skeleton (D:5)
  4 worms
  A dart slug (D:1)
  3 leopard geckos
  7 orcs
  8 bats
  5 giant cockroaches
  38 goblins
  26 hobgoblins
  8 jackals (D:5)
  10 kobolds
  4 quokkas
  A ball python (D:2)
  4 frilled lizards
  8 rats
174 creatures vanquished.

Vanquished Creatures (others)
  2 hobgoblins (D:4)
  A leopard gecko skeleton (D:6)
3 creatures vanquished.

Grand Total: 177 creatures vanquished

Notes
Turn   | Place    | Note
-------+----------+-------------------------------------------
     0 | D:1      | Voker57 the Demonspawn Venom Mage began the quest for the
                  | Orb.
     0 | D:1      | Reached XP level 1. HP: 13/13 MP: 3/3
   371 | D:1      | Gained mutation: When seriously injured, your bleeding
                  | wounds create armour. (AC +6) [demonic ancestry]
   371 | D:1      | Reached XP level 2. HP: 19/19 MP: 5/5
  1836 | D:1      | Learned a level 2 spell: Poisonous Vapours
  2078 | D:2      | Reached XP level 3. HP: 24/24 MP: 3/6
  2607 | D:2      | Found a faded altar of an unknown god.
  3221 | D:3      | Gained mutation: You have large cloven feet. [demonic
                  | ancestry]
  3221 | D:3      | Reached XP level 4. HP: 30/30 MP: 4/8
  3623 | D:3      | Found a shattered altar of Ashenzari.
  4027 | D:4      | Reached XP level 5. HP: 10/35 MP: 2/10
  4283 | D:4      | Learned a level 3 spell: Mephitic Cloud
  4953 | D:4      | Found a sacrificial altar of Ru.
  5037 | D:4      | Found a blossoming altar of Fedhas.
  5057 | D:4      | Reached XP level 6. HP: 41/41 MP: 3/11
  5701 | D:4      | Learned a level 5 spell: Venom Bolt
  6611 | D:4      | Reached XP level 7. HP: 23/46 MP: 4/13
  7426 | D:5      | Entered Level 5 of the Dungeon
  8351 | D:5      | Reached skill level 5 in Conjurations
  8450 | D:5      | Reached skill level 5 in Dodging
  8450 | D:5      | Reached skill level 5 in Spellcasting
  8709 | D:6      | Found a staircase to the Ecumenical Temple.
  8715 | Temple   | Entered the Ecumenical Temple
  9015 | Temple   | Became a worshipper of Vehumet
  9082 | D:6      | Reached XP level 8. HP: 38/52 MP: 0/15
  9248 | D:6      | Noticed Pikel
  9249 | D:6      | Found a shadowy altar of Dithmenos.
  9263 | D:6      | Killed Pikel
  9461 | D:6      | Noticed Grinder
  9477 | D:6      | Killed Grinder
  9590 | D:6      | Got a slimy leather armour
  9601 | D:6      | Identified the cursed +0 leather armour of Compression
                  | {rPois rF+ Dex+4} (You found it on level 6 of the Dungeon)
  9611 | D:6      | Found a glowing silver altar of Zin.
  9612 | D:6      | Found a basalt altar of Yredelemnul.
  9756 | D:6      | Found a hide-covered altar of Uskayaw.
  9933 | D:7      | Found Ukag's Armour Shoppe.
  9965 | D:7      | Noticed a hippogriff
  9988 | D:7      | Slain by a hippogriff

Vault maps used:
D:1:      nicolae_arrival_washed_ashore
D:2:      cheibrodos_old_hovel, chequers_ecumenical_altar_island
D:3:      overflow_temple_1_default
D:4:      minmay_goblin_kobold_castle, lemuel_doored_altar, first_ration,
          lemuel_tele_altar
D:6:      eat_drink_and_be_merry_uskayaw, nicolae_dithmenos_the_darkroom,
          nicolae_overflow_hidden_temple, minmay_temple_entry_statues_fountains,
          uniq_grinder, uniq_pikel
D:7:      kennysheep_little_box, serial_shops, shop
Temple:   minmay_temple_forest_path

Skill      XL: |  1  2  3  4  5  6  7  8 |
---------------+-------------------------+-----
Dodging        | 2 3 4 5 6 |  6.3
Conjurations   | 2 3 4 5 6 |  6.7
Spellcasting   | 3 4 5 6 |  6.3
Stealth        | |  1.7
Poison Magic   | |  3.0

Action                   |  1- 3 |  4- 6 |  7- 9 || total
-------------------------+-------+-------+-------++-------
Melee: Unarmed           |    70 |       |       ||    70
       Short sword       |     4 |   126 |   143 ||   273
       Kick              |       |    31 |    34 ||    65
 Cast: Sting             |   125 |    70 |    13 ||   208
       Poisonous Vapours |       |    40 |    44 ||    84
       Mephitic Cloud    |       |     8 |    13 ||    21
       Venom Bolt        |       |     1 |     2 ||     3
  Use: Scroll            |     1 |    10 |     5 ||    16
       Potion            |       |     5 |     1 ||     6
 Stab: Confused          |       |     2 |     4 ||     6
       Distracted        |       |       |     1 ||     1
       Sleeping          |       |       |     1 ||     1
  Eat: Chunk             |     5 |    12 |     7 ||    24
       Ration            |     1 |       |     2 ||     3
Armor: Robe              |    31 |    25 |    14 ||    70
       Leather armour    |       |       |     2 ||     2
Dodge: Dodged            |    95 |   164 |    97 ||   356

Table legend:
 A = Non-vault XP
 B = Vault XP
 C = Vault XP percentage of total XP
 D = Non-vault monster count
 E = Vault monster count
 F = Vault count percentage of total count
                 A         B        C        D         E       F
            +---------+---------+-------+---------+---------+-------
      Total |    1458 |    1204 |  45.2 |     114 |      60 |  34.5
            +---------+---------+-------+---------+---------+-------
        D:1 |      31 |       0 |   0.0 |      18 |       0 |   0.0
        D:2 |      29 |      13 |  31.0 |      16 |       1 |   5.9
        D:3 |     106 |       0 |   0.0 |      23 |       0 |   0.0
        D:4 |     388 |     263 |  40.4 |      15 |      57 |  79.2
        D:5 |     489 |       0 |   0.0 |      33 |       0 |   0.0
        D:6 |     415 |     928 |  69.1 |       9 |       2 |  18.2
            +---------+---------+-------+---------+---------+-------
